cohdb
Replays
Latest Replays
All Replays
Popular Replays
Top Player Replays
Match Explorer
How It Works
Community
CoH3 Stats
Reddit
Sign in to upload your games and track your stats! →
Sign in with Steam
Match 43156759
Unlisted
Match 43156759
Overview
Messages
Build Orders
End
250 Light Carrier
Panzerpioneer Squad
250 Light Carrier
250 Light Carrier
Construct Light Support Kompanie
Combat Half-tracks
Selects Armored Support Battlegroup
Selects Superior Fire Drills
Construct Mechanized Kompanie
Vehicle Survival Package
Support Armor Elements
Assault Mechanized Group
Emergency Repair Kits
Selects Flammpanzer III Medium Tank
Flammpanzer III Medium Tank
Panzerjäger Squad
Panzerjäger Squad
Marder III Tank Destroyer
Pak 38 Anti-tank Gun Team
Pak 38 Mechanized Group
Flammpanzer III Medium Tank
Rapid Advance
Selects Vehicle Awareness
Selects Panzer Storm
2.5-tonne Medical Truck
Pak 38 Anti-tank Gun Team
Assault Mechanized Group
Prime
MrGlaucus
Discoverer
佛系玩家
Flightless Bird
So Predictable
Shark
Thomas Shelby
0
0
Comments
sign in to comment!
No comments posted yet!